 Dungeon Crawl Stone Soup version 0.21.1-1-g345015fe64 (webtiles) character file.

14987 NullDivider the Covert (level 11, -9/62 HPs)
             Began as a Spriggan Artificer on Mar 31, 2018.
             Was an Initiate of Gozag.
             Mangled by Rupert
             ... wielding a +0 executioner's axe of flaming
              (36 damage)
             ... on level 3 of the Lair of Beasts on Apr 1, 2018.
             The game lasted 01:49:07 (17547 turns).

NullDivider the Covert (Spriggan Artificer)        Turns: 17547, Time: 01:49:07

Health: -9/62      AC:  4    Str: 12    XL:     11   Next: 95%
Magic:  19/19      EV: 32    Int: 12    God:    Gozag
Gold:   357        SH:  0    Dex: 28    Spells: 9/16 levels left

rFire    + . .     SeeInvis +   r - +3 short sword "Iwneabb" {freeze, *Slow +Blink rC+ Str+4}
rCold    + + .     Gourm    .   (shield restricted)
rNeg     + . .     Faith    .   A - +2 robe {rN+}
rPois    .         Spirit   .   e - +0 hat
rElec    +         Reflect  .   (no cloak)
rCorr    .         Harm     .   (gloves unavailable)
MR       +....                  (boots unavailable)
Stlth    +++++++...             K - amulet of regeneration
HPRegen  0.60/turn              O - ring of Activism {rElec rC+ Int-2 Dex+9 Stlth+}
MPRegen  0.16/turn              g - ring of Guolehuk {Wiz rF+ Slay+6}

@: very quick
A: very small, unfitting armour, see invisible, herbivore, speed 3, slow
metabolism 2
a: Potion Petition, Call Merchant, Bribe Branch, Renounce Religion, Evoke Blink


You were on level 3 of the Lair of Beasts.
You worshipped Gozag.
Gozag was aware of your devotion.
You were hungry.

You visited 3 branches of the dungeon, and saw 14 of its levels.

You collected 2117 gold pieces.
You spent 1633 gold pieces at shops.
You paid 127 gold pieces to Gozag.

Inventory:

Hand Weapons
 r - the +3 short sword "Iwneabb" (weapon) {freeze, *Slow +Blink rC+ Str+4}
   (You found it on level 6 of the Dungeon)

   It has been specially enchanted to freeze those struck by it, causing extra
   injury to most foes and up to half again as much damage against particularly
   susceptible opponents.
   It can also slow down cold-blooded creatures.
   It affects your strength (+4).
   It protects you from cold.
   It lets you blink.
   It may slow you when you take damage.
 w - a +3 dagger of venom
Armour
 e - a +0 hat (worn)
 A - a +2 robe of positive energy (worn)
 N - a +2 robe of cold resistance
Jewellery
 g - the ring of Guolehuk (right hand) {Wiz rF+ Slay+6}
   (You bought it in a shop on level 6 of the Dungeon)

   [ring of wizardry]

   It improves your spell success rate.
   It affects your accuracy and damage with ranged weapons and melee attacks
   (+6).
   It protects you from fire.
 o - an uncursed ring of poison resistance
 q - an uncursed ring of protection from fire
 I - an uncursed ring of ice
 K - an amulet of regeneration (around neck)
 O - the ring of Activism (left hand) {rElec rC+ Int-2 Dex+9 Stlth+}
   (You bought it in a shop on level 6 of the Dungeon)

   [ring of protection from cold]

   It affects your intelligence (-2).
   It affects your dexterity (+9).
   It protects you from cold.
   It insulates you from electricity.
   It makes you more stealthy.
Wands
 d - a wand of enslavement (14)
 p - a wand of disintegration (21)
 t - a wand of polymorph (25)
 F - a wand of flame (48)
 G - a wand of paralysis (14)
Scrolls
 a - 3 scrolls of fear {unknown}
 b - 3 scrolls of fog {unknown}
 c - 2 scrolls of remove curse
 k - 7 scrolls of amnesia
 l - 3 scrolls of enchant armour
 m - 7 scrolls of teleportation
 y - 3 scrolls of blinking
 B - 2 scrolls of random uselessness {unknown}
 D - 3 scrolls of immolation {unknown}
 H - 3 scrolls of magic mapping {unknown}
 P - a scroll of silence {unknown}
Potions
 h - 2 potions of lignification {unknown}
 i - 6 potions of heal wounds
 j - 2 potions of might {unknown}
 s - 2 potions of degeneration {unknown}
 u - 4 potions of curing
 v - a potion of ambrosia {unknown}
 x - 3 potions of magic {unknown}
 C - 2 potions of mutation {unknown}
 E - 2 potions of agility {unknown}
 J - 2 potions of flight {unknown}
 M - 2 potions of brilliance {unknown}
Books
 n - a book of Party Tricks

   Spells                             Type                      Level
   a - Summon Butterflies             Summoning                    1
   b - Apportation                    Translocation                1
   c - Lesser Beckoning               Translocation                3
   d - Tukima's Dance                 Hexes                        3
   e - Alistair's Intoxication        Transmutation/Poison         5
   f - Invisibility                   Hexes                        6
Comestibles
 f - 9 rations


   Skills:
 * Level 9.6 Fighting
 + Level 8.7 Short Blades
 + Level 11.4 Dodging
 + Level 11.9 Stealth
 + Level 3.3 Spellcasting
 + Level 3.3 Hexes
 - Level 10.2 Evocations


You had 9 spell levels left.
You knew the following spells:

 Your Spells              Type           Power        Failure   Level  Hunger
a - Confusing Touch       Hex            #.....       2%          1    #......
b - Invisibility          Hex            #.......     97%         6    #######


Dungeon Overview and Level Annotations

Branches:
Dungeon (10/15)            Temple (1/1) D:6            Lair (3/6) D:10
 Spider (0/4) Lair:3          Orc (0/2) D:10
  Swamp: Lair:2-4    Shoals: Lair:2-4

Altars:
Ashenzari
Cheibriados
Dithmenos
Elyvilon
Fedhas
Gozag
Hepliaklqana
Okawaru
Ru
Sif Muna
Trog
Uskayaw
Vehumet
Wu Jian
Xom
The Shining One

Shops:
D:6 =   D:7 (

Annotations:
Lair:3 Rupert


Innate Abilities, Weirdness & Mutations

You are very small and have problems with some larger weapons.
You are too small for most types of armour.
You have supernaturally acute eyesight. (SInv)
You are a herbivore.
You cover ground extremely quickly.
You need consume almost no food.


Message History

You hit Rupert.
Rupert is heavily wounded.
Rupert completely misses you. Rupert misses you.
Evoke which item? (* to show all) (? for menu, Esc to quit)
Aiming: Disintegrate
Press: ? - help, Shift-Dir - straight line, f/p - Rupert
Aim: Rupert, wielding an executioner's axe of flaming and wearing a runed ring mail (heavily wounded, berserk, fast, unusually strong, chance to defeat MR: 31%) Rupert is blasted.
Rupert closely misses you.
You puncture Rupert!
Rupert is severely wounded.
You puncture Rupert! You freeze Rupert.
Rupert is severely wounded.
Rupert misses you.
You hit Rupert but do no damage.
Rupert is severely wounded.
Rupert hits you with an executioner's axe of flaming!!!
Ouch! That really hurt!
You die...
Your body crumbles into a pile of gold.

......##.#...#...P..
.[........#.........
...#......+.........
...P......#.........
..........#.......P#
...P.............##
..........#.<....##
...#..............#
...#.#....#.@@...## )
...............#
................#### ##
...................#P.#...
#P..#.#..................
..............########P.F
..............## #..#
.......P.......# ##..#
$..............## P..#


You could see Rupert (berserk).

Vanquished Creatures
  Gastronok (Lair:1)
  A hydra (Lair:1)
  Fannar (Lair:3)
  2 two-headed ogres (D:8)
  An unseen horror (D:10)
  Pikel (D:4)
  A black mamba (Lair:1)
  2 spiny frogs (Lair:2)
  A komodo dragon (Lair:2)
  A troll (D:10)
  4 blink frogs (Lair:1)
  Grinder (D:3)
  A hornet (Lair:3)
  A polar bear (Lair:1)
  A wyvern (Lair:3)
  2 redbacks (Lair:3)
  A wraith (D:10)
  3 water moccasins
  2 hell hounds (D:10)
  5 porcupines
  3 black bears
  An eye of draining (D:9)
  5 orc warriors
  A sky beast (D:6)
  7 ogres
  A phantom (D:10)
  10 centaurs
  6 wolves (Lair:3)
  3 crocodiles
  3 big kobolds
  11 bullfrogs
  A wyvern zombie (D:8)
  2 scorpions
  An electric eel (Lair:1)
  2 bullfrog zombies
  4 crimson imps
  2 centaur zombies
  4 hounds
  An orc priest (D:8)
  A centaur skeleton (D:4)
  Ijyb (D:3)
  2 iguanas (D:10)
  9 orc wizards
  8 worker ants
  A hound zombie (D:7)
  17 adders
  A shadow imp (D:10)
  An ooze (D:6)
  2 worms
  3 dart slugs
  5 leopard geckos
  45 orcs
  3 bats
  4 giant cockroaches
  8 goblins
  7 hobgoblins
  6 jackals
  6 quokkas
  2 ball pythons
  10 frilled lizards
  19 kobolds
  A leopard gecko skeleton (D:7)
  A quokka skeleton (D:4)
  7 rats
  5 plants (Lair:2)
276 creatures vanquished.

Vanquished Creatures (collateral kills)
  An ogre (D:8)
  A shadow imp (D:8)
  2 orcs (D:8)
4 creatures vanquished.

Grand Total: 280 creatures vanquished

Notes
Turn   | Place    | Note
-------+----------+-------------------------------------------
     0 | D:1      | NullDivider the Spriggan Artificer began the quest for the Orb.
     0 | D:1      | Reached XP level 1. HP: 9/9 MP: 4/4
   307 | D:1      | Reached skill level 1 in Fighting
   353 | D:1      | Reached XP level 2. HP: 8/14 MP: 6/6
   993 | D:2      | Reached XP level 3. HP: 18/18 MP: 7/7
  1674 | D:2      | Reached XP level 4. HP: 19/23 MP: 8/8
  2782 | D:3      | Reached XP level 5. HP: 22/27 MP: 9/9
  2825 | D:3      | Found an iron altar of Okawaru.
  3021 | D:3      | Noticed a centaur
  3041 | D:3      | Killed a centaur
  3041 | D:3      | Reached skill level 5 in Evocations
  3074 | D:3      | Learned a level 1 spell: Confusing Touch
  3086 | D:3      | Noticed Ijyb
  3159 | D:3      | Killed Ijyb
  3465 | D:2      | Reached XP level 6. HP: 29/32 MP: 10/10
  3870 | D:3      | Found a blossoming altar of Fedhas.
  4264 | D:3      | Noticed Grinder
  4279 | D:3      | Killed Grinder
  4279 | D:3      | Reached skill level 5 in Dodging
  4279 | D:3      | Reached skill level 1 in Spellcasting
  4279 | D:3      | Reached skill level 1 in Hexes
  4279 | D:3      | Reached XP level 7. HP: 9/36 MP: 11/11
  4739 | D:3      | Found a shattered altar of Ashenzari.
  5398 | D:3      | Reached skill level 5 in Stealth
  6141 | D:4      | Noticed Pikel
  6189 | D:4      | Killed Pikel
  6189 | D:4      | Reached XP level 8. HP: 11/42 MP: 13/13
  6507 | D:5      | Entered Level 5 of the Dungeon
  6507 | D:5      | Found a deep blue altar of Sif Muna.
  6507 | D:5      | Found a white marble altar of Elyvilon.
  6508 | D:5      | Found a glowing golden altar of the Shining One.
  6508 | D:5      | Found a shimmering altar of Xom.
  6508 | D:5      | Found a snail-covered altar of Cheibriados.
  6609 | D:5      | Found a radiant altar of Vehumet.
  6611 | D:5      | Found a bloodstained altar of Trog.
  6613 | D:5      | Found a sacrificial altar of Ru.
  6639 | D:5      | Reached skill level 5 in Fighting
  7543 | D:5      | Got a smoking long sword
  7545 | D:5      | Identified the cursed +1 long sword "Qoefor" {elec, +Inv rN+ Str-4} (You found it on level 5 of the Dungeon)
  7659 | D:6      | Got a crude short sword
  7660 | D:6      | Identified the +3 short sword "Iwneabb" {freeze, *Slow +Blink rC+ Str+4} (You found it on level 6 of the Dungeon)
  7821 | D:6      | Reached skill level 5 in Short Blades
  8216 | D:6      | Reached XP level 9. HP: 19/48 MP: 15/15
  8442 | D:6      | Found Sippadif's Jewellery Boutique.
  8693 | D:6      | Found a staircase to the Ecumenical Temple.
  8704 | Temple   | Entered the Ecumenical Temple
  8708 | Temple   | Became a worshipper of Gozag Ym Sagoz the Greedy
  9644 | D:7      | Found an iron altar of Okawaru.
 10216 | D:7      | Found Lies's Antique Weapon Shoppe.
 10946 | D:8      | Noticed a two-headed ogre
 10995 | D:8      | Killed a two-headed ogre
 10995 | D:8      | Reached XP level 10. HP: 16/55 MP: 17/17
 11384 | D:8      | Noticed a two-headed ogre
 11406 | D:8      | Killed a two-headed ogre
 11593 | D:8      | Found an ornate altar of the Wu Jian Council.
 12148 | D:9      | Found a hazy altar of Hepliaklqana.
 12979 | D:10     | Entered Level 10 of the Dungeon
 12990 | D:10     | Noticed an unseen horror
 13002 | D:10     | Killed an unseen horror
 13156 | D:10     | Reached skill level 10 in Stealth
 13267 | D:10     | Found a staircase to the Lair.
 13674 | D:10     | Reached skill level 10 in Dodging
 14219 | D:10     | Found a staircase to the Orcish Mines.
 14546 | Lair:1   | Entered Level 1 of the Lair of Beasts
 14654 | D:6      | Bought the ring of Activism {rElec rC+ Int-2 Dex+9 Stlth+} for 734 gold pieces
 14812 | Lair:1   | Noticed a six-headed hydra
 14852 | Lair:1   | Noticed a black mamba
 14856 | Lair:1   | Killed a black mamba
 14912 | Lair:1   | Reached XP level 11. HP: 59/60 MP: 19/19
 15123 | Lair:1   | Killed a six-headed hydra
 15134 | Lair:1   | Noticed Gastronok
 15188 | Lair:1   | Killed Gastronok
 15188 | Lair:1   | Reached skill level 10 in Evocations
 15872 | D:6      | Bought the ring of Guolehuk {Wiz rF+ Slay+6} for 899 gold pieces
 16006 | Lair:2   | Learned a level 6 spell: Invisibility
 17129 | Lair:3   | Noticed Fannar
 17136 | Lair:3   | Killed Fannar
 17277 | Lair:3   | Found a hole to the Spider Nest.
 17447 | Lair:3   | Noticed Rupert
 17519 | Lair:3   | Paralysed by Rupert for 3 turns
 17547 | Lair:3   | Mangled by Rupert

Skill      XL: |  1  2  3  4  5  6  7  8  9 10 11 |
---------------+----------------------------------+-----
Fighting       | 1 2 3 4 5 7 8 9 |  9.6
Stealth        | 2 3 4 6 7 9 10 11 | 11.9
Short Blades   | 2 3 4 5 6 7 8 |  8.7
Dodging        | 4 5 6 7 8 10 11 | 11.4
Evocations     | 5 6 7 8 9 10 | 10.2
Spellcasting   | 1 3 |  3.3
Hexes          | 1 3 |  3.3

Action                   |  1- 3 |  4- 6 |  7- 9 | 10-12 || total
-------------------------+-------+-------+-------+-------++-------
Melee: Short sword       |   154 |    43 |   324 |   532 ||  1053
       Dagger            |       |   413 |   285 |    27 ||   725
 Cast: Confusing Touch   |       |     2 |       |       ||     2
Evoke: Wand              |       |     8 |    31 |    32 ||    71
       Phantom mirror    |       |       |       |     1 ||     1
  Use: Scroll            |       |       |    11 |     4 ||    15
       Potion            |       |       |       |     1 ||     1
 Stab: Sleeping          |     7 |     8 |    13 |    26 ||    54
       Distracted        |       |       |     2 |     4 ||     6
       Confused          |       |       |       |     3 ||     3
       Paralysed         |       |       |       |     2 ||     2
  Eat: Ration            |       |     1 |     3 |     4 ||     8
Armor: Robe              |    20 |    36 |    27 |    14 ||    97
Dodge: Dodged            |   130 |   252 |   366 |   293 ||  1041
